 Seeded DCSS version 0.31-a0-1574-g5526595 (webtiles) character file.

Game seed: 6425746891301804789 (custom seed)

6932 brinewave the Fighter (level 10, -1/89 (91) HPs)
             Began as a Purple Draconian Hexslinger on Jan 3, 2024.
             Was a Believer of Fedhas.
             Killed from afar by a raiju (7 damage)
             ... with a living lightning
             ... on level 2 of the Abyss.
             The game lasted 00:45:50 (10055 turns).

brinewave the Fighter (DrHs)                       Turns: 10055, Time: 00:45:51

HP:   -1/89 (91)    AC: 13    Str: 11    XL:     10   Next: 80%
MP:   12/12         EV: 17    Int: 13    God:    Fedhas [**....]
Gold: 401           SH:  0    Dex: 21    Spells: 12/12 levels left

rFire   + + .        b - +4 rapier of Egas {protect, rF++ Dex+3 SInv}
rCold   . . .        (no shield)
rNeg    . . .        (body armour unavailable)
rPois   .            A - +1 hat
rElec   .            c - +1 cloak
rCorr   .            y - +1 pair of gloves
SInv    +            m - +0 pair of boots
Will    +....        (no amulet)
Stlth   ++           p - +4 ring of slaying
HPRegen 0.34/turn    (no ring)
MPRegen 0.13/turn

%: no passive effects
@: lightly drained
A: breathe power, AC +7, unfitting armour, cold-blooded
a: Breathe Dispelling Energy, Renounce Religion, Wall of Briars


You were on level 2 of the Abyss.
You worshipped Fedhas.
Fedhas was pleased with you.
You visited 2 branches of the dungeon, and saw 11 of its levels.
You visited the Abyss 1 time.

You collected 401 gold pieces.

Inventory:

Hand Weapons
 a - a +0 arbalest
 b - the +4 rapier of Egas (weapon) {protect, rF++ Dex+3 SInv}
   (You found it on level 8 of the Dungeon)

   Dex+3:     It affects your dexterity (+3).
   rF++:      It greatly protects you from fire.
   SInv:      It lets you see invisible.
 s - a +4 dagger of speed
 w - a +2 dagger of draining
Missiles
 k - 5 darts of dispersal
 u - 6 poisoned darts
 B - 3 throwing nets
Armour
 c - a +1 cloak (worn)
 m - a +0 pair of boots (worn)
 y - a +1 pair of gloves (worn)
 A - a +1 hat (worn)
Jewellery
 p - a +4 ring of slaying (left hand)
Wands
 o - a wand of mindburst (23)
 r - a wand of flame (1)
Scrolls
 e - 2 scrolls of fog {unknown}
 f - 3 scrolls of poison
 g - 3 scrolls of fear
 h - 5 scrolls of teleportation
 l - a scroll of noise {unknown}
 q - 2 scrolls of revelation
 t - a scroll of blinking
 v - a scroll of amnesia {unknown}
 x - a scroll of summoning {unknown}
 z - a scroll of identify
Potions
 d - 3 potions of curing
 i - 4 potions of enlightenment
 n - a potion of resistance


   Skills:
 + Level 9.1 Fighting
 + Level 7.2 Short Blades
 * Level 8.6 Ranged Weapons
 + Level 7.7 Dodging
 - Level 1.6 Spellcasting
 - Level 3.5 Hexes
 - Level 1.3 Fire Magic


You had 12 spell levels left.
You didn't know any spells.
Your spell library contained the following spells:

 Spells                   Type           Power      Damage    Failure   Level
 Jinxbite                 Hex            20%        N/A       10%         2
 Sigil of Binding         Hex            10%        N/A       19%         3
 Inner Flame              Hex/Fire       7%         N/A       28%         3
 Cause Fear               Hex            5%         N/A       52%         4
 Dimensional Bullseye     Hex/Tloc       2%         N/A       77%         4


Dungeon Overview and Level Annotations

Branches:
Dungeon (10/15)            Temple (1/1) D:7            Lair (0/5) D:8
    Orc: D:9-12

Altars:
Ashenzari
Cheibriados
Dithmenos
Elyvilon
Fedhas
Hepliaklqana
Kikubaaqudgha
Makhleb
Nemelex Xobeh
Okawaru
Qazlal
Ru
Sif Muna
Uskayaw
Vehumet
Wu Jian
Xom
Yredelemnul
Zin

Shops:
D:5 =   D:9 *

Annotations:
D:6 Maggie
D:10 Amaemon, Sonja


Innate Abilities, Weirdness & Mutations

You can breathe bolts of dispelling energy.
Your rich purple scales are hard. (AC +7)
You cannot fit into any form of body armour.
You are cold-blooded and may be slowed by cold attacks.


Message History

The raiju bursts into living lightning!
The living lightning hits the raiju.
The raiju completely resists.
The living lightning misses you.
The raiju blinks!
The raiju barely misses you.
The chaos spawn screeches!
You completely miss the raiju.
Your tail-slap misses the raiju.
You punch the raiju.
The raiju is lightly wounded.
The raiju bursts into living lightning!
The living lightning misses you.
The raiju blinks!
The raiju completely misses you. The raiju closely misses you.
The raiju attacks as it pursues you! The raiju bites you. The raiju shocks you!
The raiju misses you.
The raiju bursts into living lightning!
The living lightning hits the raiju.
The raiju completely resists.
The living lightning hits you!
The raiju blinks!
You completely miss the raiju. You tail-slap the raiju.
The raiju is lightly wounded.
A tentacled starspawn comes into view.
The neqoxec hits you but does no damage.
The raiju bursts into living lightning!
The living lightning hits you!
* * * LOW HITPOINT WARNING * * *
The living lightning hits the raiju.
The raiju completely resists.
The raiju blinks!
The raiju attacks as it pursues you! The raiju bites you.
* * * LOW HITPOINT WARNING * * *
The raiju shocks you!
* * * LOW HITPOINT WARNING * * *
You closely miss the raiju.
The raiju is lightly wounded.
The raiju bursts into living lightning!
The living lightning hits you.
* * * LOW HITPOINT WARNING * * *
The raiju blinks!
The neqoxec hits you.
* * * LOW HITPOINT WARNING * * *
The raiju bites you but does no damage.
The raiju bursts into living lightning!
The living lightning hits you!
You die...
Fedhas appreciates your contribution to the ecosystem.

...... #. # ..
#..... ... #.
#.###...## .. ...
...#...h.## #.#
#.........##.#.#
#..............##..
.........4.#......#
.#...§h#.....#
##.h@##..#.#.##
#X...3#..# .#
............# #
............#
..........###
#..#.....#. #
..###..h#### #.
..... ...


You could see a tentacled starspawn, 4 raiju, a neqoxec and a chaos spawn.

Vanquished Creatures
  Gastronok (D:10)
  An orange demon (D:10)
  An unseen horror (D:10)
  A troll (D:10)
  A hornet (D:8)
  8 yaks
  2 wraiths
  A wyvern (D:9)
  3 fire bats (Abyss:2)
  A steam dragon (D:8)
  An acid dragon (D:9)
  A water moccasin (D:8)
  An ice beast (D:5)
  An orc warrior (D:9)
  3 ogres
  2 centaurs
  A phantom (D:6)
  3 gnoll sergeants
  2 bullfrogs
  4 scorpions
  7 electric eels (D:8)
  A crimson imp (D:4)
  7 orc priests
  A jelly (D:7)
  A gnoll bouda (D:8)
  A sleepcap (D:4)
  Ijyb (D:3)
  10 orc wizards
  4 iguanas
  20 gnolls
  6 adders
  3 shadow imps
  3 white imps
  6 ufetubi (D:4)
  A ribbon worm (D:4)
  4 dart slugs
  31 orcs
  4 bats
  6 endoplasms
  A giant cockroach (D:2)
  7 goblins
  4 hobgoblins
  2 jackals (D:1)
  6 quokkas
  7 ball pythons
  4 frilled lizards
  6 kobolds
  5 rats
198 creatures vanquished.

Notes
Turn   | Place    | Note
-------+----------+-------------------------------------------
     0 | D:1      | brinewave the Draconian Hexslinger began the quest for the
                  | Orb.
     0 | D:1      | Reached XP level 1. HP: 16/16 MP: 2/2
   148 | D:1      | Reached XP level 2. HP: 23/23 MP: 3/3
   149 | D:1      | Found a faded altar of an unknown god.
  1036 | D:2      | Reached XP level 3. HP: 14/29 MP: 4/4
  1296 | D:2      | Reached skill level 2 in Fighting
  1872 | D:3      | Reached XP level 4. HP: 37/37 MP: 5/5
  1886 | D:3      | Noticed Ijyb
  1971 | D:3      | HP: 1/37 [disintegration (18)]
  2681 | D:4      | Noticed a scorpion
  2827 | D:4      | Reached skill level 3 in Fighting
  2827 | D:4      | Reached XP level 5. HP: 41/45 MP: 6/6
  2974 | D:4      | Found a radiant altar of Vehumet.
  2974 | D:4      | Found a burning altar of Makhleb.
  3461 | D:4      | Reached XP level 6. HP: 41/52 MP: 7/7
  3619 | D:4      | Reached skill level 4 in Fighting
  3968 | D:4      | Your scales start taking on a rich purple colour.
  3968 | D:4      | Reached XP level 7. HP: 34/60 MP: 9/9
  4109 | D:5      | Entered Level 5 of the Dungeon
  4110 | D:5      | Upgraded the game from 0.31-a0-1571-g7be0f4f to
                  | 0.31-a0-1574-g5526595
  4110 | D:5      | Found Riqeb's Jewellery Shoppe.
  4445 | D:5      | Reached skill level 1 in Short Blades
  4531 | D:5      | Found a white marble altar of Elyvilon.
  4632 | D:5      | Reached skill level 5 in Fighting
  4677 | D:5      | Found a basalt altar of Yredelemnul.
  5071 | D:3      | Killed Ijyb
  5160 | D:6      | Reached XP level 8. HP: 69/69 MP: 10/10
  5414 | D:6      | Reached skill level 5 in Ranged Weapons
  5414 | D:6      | Reached skill level 5 in Dodging
  5597 | D:6      | Noticed Maggie
  5734 | D:7      | Found a staircase to the Ecumenical Temple.
  5752 | Temple   | Entered the Ecumenical Temple
  5763 | Temple   | Became a worshipper of Fedhas Madash
  5932 | D:7      | Found a snail-covered altar of Cheibriados.
  5940 | D:7      | Found a sparkling altar of Nemelex Xobeh.
  5945 | D:7      | Found a shimmering blue altar of Sif Muna.
  5953 | D:7      | Found a sacrificial altar of Ru.
  5958 | D:7      | Found a hazy altar of Hepliaklqana.
  5965 | D:7      | Found a shadowy altar of Dithmenos.
  5971 | D:7      | Found an iron altar of Okawaru.
  6210 | D:7      | Reached skill level 6 in Fighting
  6881 | D:8      | Identified the +4 rapier of Egas {protect, rF++ Dex+3 SInv}
  6896 | D:8      | Noticed a hornet
  6903 | D:8      | Killed a hornet
  6904 | D:8      | Reached XP level 9. HP: 78/78 MP: 11/11
  6938 | D:8      | Reached skill level 7 in Fighting
  6946 | D:8      | Reached skill level 5 in Short Blades
  6952 | D:8      | Reached * piety under Fedhas
  7090 | D:8      | Found a staircase to the Lair.
  7793 | D:9      | Found a shimmering altar of Xom.
  8087 | D:9      | Reached skill level 8 in Fighting
  8196 | D:9      | Found Xivakueng's Elemental Accessories.
  8344 | D:9      | Reached XP level 10. HP: 79/88 MP: 12/12
  8408 | D:9      | Reached ** piety under Fedhas
  9203 | D:10     | Entered Level 10 of the Dungeon
  9465 | D:10     | Noticed Gastronok
  9483 | D:10     | Killed Gastronok
  9548 | D:10     | Noticed an orange demon
  9549 | D:10     | Noticed Amaemon
  9556 | D:10     | Killed an orange demon
  9557 | D:10     | Reached skill level 9 in Fighting
  9801 | D:10     | Noticed Sonja
  9813 | Abyss:2  | Cast into level 2 of the Abyss (Sonja)
  9861 | Abyss:2  | Noticed a soul eater
  9887 | Abyss:2  | Noticed a large abomination
  9917 | Abyss:2  | HP: 2/91 [large abomination (8)]
 10054 | Abyss:2  | Noticed a tentacled starspawn
 10055 | Abyss:2  | Killed from afar by a raiju

Illustrated notes

Levels and vault maps discovered:
D:1:      beargit_arrival_diablo_church, layout_basic,
          shapermc_ecumenical_altar_venn
D:2:      layout_loops_ring, minmay_misc_feat_pillars
D:3:      layout_rooms, chequers_temple_overflow_minitemple, uniq_ijyb,
          uniq_grinder
D:4:      layout_loops_cross, grunt_temple_overflow_lords_of_destruction,
          serial_demonic, serial_demonic_f, serial_demonic_d, serial_demonic_a,
          serial_demonic_c
D:5:      layout_rooms, kennysheep_ying_yang, serial_shops, shop
D:6:      layout_gridville, uniq_maggie
D:7:      layout_loops_ring, grunt_temple_overflow_octagram,
          minmay_temple_entry_junction
D:8:      layout_basic, dpeg_oklobed_lair, serial_bayou, serial_bayou_ford_a,
          serial_bayou_lagoon_b, serial_bayou_lagoon_a, serial_bayou_pond_d
D:9:      layout_basic, mainiacjoe_overflow_chevrons, nicolae_elemental_shop
D:10:     layout_irregular_city, uniq_amaemon, uniq_sonja, uniq_gastronok
Temple:   nicolae_temple_ecumenical_triangle
Abyss:2:  base: D:7, evilmike_abyss_exit_16

Skill      XL: |  1  2  3  4  5  6  7  8  9 10 |
---------------+-------------------------------+-----
Ranged Weapons | 2 3 4 5 7 8 |  8.6
Dodging        | 2 3 4 5 6 7 |  7.7
Fighting       | 2 3 4 5 6 8 9 |  9.1
Hexes          | 3 |  3.5
Short Blades   | 2 4 6 7 |  7.2
Spellcasting   | |  1.6
Fire Magic     | |  1.3

Action                     |  1- 3 |  4- 6 |  7- 9 | 10-12 || total
---------------------------+-------+-------+-------+-------++-------
  Melee: Dagger            |     1 |    99 |    73 |     4 ||   177
         Tailslap          |       |    16 |     9 |    20 ||    45
         Punch             |       |     1 |     1 |     3 ||     5
         Rapier            |       |       |     4 |    68 ||    72
   Fire: Sling             |   154 |   158 |   116 |       ||   428
         Arbalest          |       |       |   135 |    82 ||   217
Ability: Breathe Dispellin |       |       |     7 |     1 ||     8
    Use: Scroll            |     3 |       |     9 |     1 ||    13
         Potion            |       |       |       |     2 ||     2
 Armour: Skin              |    52 |   114 |   151 |    87 ||   404
  Dodge: Dodged            |    73 |   130 |   174 |   101 ||   478

Table legend: (Time is in decaauts)
 A = Elapsed time spent in this place.
 B = Non-inter-level travel time spent in this place.
 C = Inter-level travel time spent in this place.
 D = Time resting spent in this place.
 E = Time spent auto-exploring this place.
 F = Levels seen in this place.
 G = Mean time per level.
                   A        B        C        D        E       F      G
               +--------+--------+--------+--------+--------+-----+--------+
         Total |  10238 |   9777 |    461 |    855 |   6710 |  12 |  853.2 |
       Dungeon |   9981 |   9531 |    450 |    705 |   6710 |  10 |  998.1 |
        Temple |     18 |      7 |     11 |      0 |      0 |   1 |   18.0 |
         Abyss |    238 |    238 |      0 |    150 |      0 |   1 |  238.0 |
               +--------+--------+--------+--------+--------+-----+--------+

Top non-repeatable levels by time:
     D:4: 1883 daAuts
     D:9: 1446 daAuts
     D:8: 1433 daAuts
     D:1: 1153 daAuts
     D:7: 810 daAuts
     D:2: 777 daAuts
     D:5: 756 daAuts
     D:3: 698 daAuts
    D:10: 630 daAuts
     D:6: 393 daAuts
 Abyss:2: 238 daAuts
  Temple: 18 daAuts
